 Dungeon Crawl Stone Soup version 0.27-a0-1312-g5cdb2b3542 (webtiles) character file.

Game seed: 11545879858294765790

56 Johnny the Magician (level 3, 0/21 HPs)
             Began as a Deep Elf Earth Elementalist on June 19, 2021.
             Slain by an adder (3 damage)
             ... on level 1 of the Dungeon.
             The game lasted 00:01:28 (1539 turns).

Johnny the Magician (Deep Elf Earth Elementalist)   Turns: 1539, Time: 00:01:29

Health: 0/21       AC:  2    Str:  5    XL:     3   Next: 69%
Magic:  10/10      EV: 12    Int: 20    God:
Gold:   5          SH:  0    Dex: 15    Spells: 8/9 levels left

rFire    . . .     SeeInvis .   e - +0 dagger
rCold    . . .     Faith    .   (no shield)
rNeg     . . .     Spirit   .   b - +0 robe
rPois    .         Reflect  .   (no helmet)
rElec    .         Harm     .   (no cloak)
rCorr    .         Rampage  .   (no gloves)
Will     .....                  (no boots)
Stlth    ++........             (no amulet)
HPRegen  0.07/turn              (no ring)
MPRegen  0.12/turn              (no ring)

@: brilliant, flying
A: no striking features
a: no special abilities


You were on level 1 of the Dungeon.
You visited 1 branch of the dungeon, and saw 2 of its levels.

You collected 5 gold pieces.

Inventory:

Hand Weapons
 e - a +0 dagger (weapon)
Armour
 b - a +0 robe (worn)
Jewellery
 a - a +6 ring of strength
 l - a ring of protection from cold
Scrolls
 f - a scroll of identify {unknown}
 g - a scroll of silence {unknown}
 i - 2 scrolls of brand weapon {unknown}
 k - a scroll of magic mapping {unknown}


   Skills:
 * Level 1.9 Fighting
 - Level 2.4 Dodging
 - Level 2.4 Stealth
 + Level 3.8 Spellcasting
 - Level 1.1 Transmutations
 + Level 3.7 Earth Magic


You had 8 spell levels left.
You knew the following spells:

 Your Spells              Type           Power      Damage    Failure   Level
a - Sandblast             Erth           56%        2d13      2%          1

Your spell library contained the following spells:

 Spells                   Type           Power      Damage    Failure   Level
 Passwall                 Tmut/Erth      16%        N/A       8%          2
 Stone Arrow              Conj/Erth      34%        3d9       19%         3
 Petrify                  Tmut/Erth      20%        N/A       43%         4
 Lee's Rapid Deconstruct  Erth           14%        3d10*     61%         5


Dungeon Overview and Level Annotations

Branches:
Dungeon (2/15)

Altars:


Message History

The bat hits you but does no damage. The adder bites you.
You barely miss the adder. The bat barely misses you.
The adder barely misses you.
The kobold throws a stone.
The stone closely misses you.
You barely miss the adder. The adder bites you. The bat barely misses you.
You hit the adder but do no damage. The bat hits you but does no damage.
The adder misses you. The adder bites you.
You are poisoned.
The adder poisons you!
You feel sick.
The kobold throws a stone.
The stone closely misses you.
There is a stone staircase leading up here.
You feel sick. The bat closely misses you. The adder misses you.
You fly upwards.
You feel sick.
There is a stone staircase leading down here.
You feel sick.
You are no longer poisoned.
The bat hits you but does no damage. The adder closely misses you.
The bat hits you.
* * * LOW HITPOINT WARNING * * *
You barely miss the bat. The bat closely misses you.
The adder closely misses you. The bat hits you but does no damage.
The adder bites you.
* * * LOW HITPOINT WARNING * * *
The bat misses you. The bat misses you.
Unknown command.
The bat closely misses you.
You miss the adder. The bat hits you.
* * * LOW HITPOINT WARNING * * *
The adder bites you but does no damage. The bat closely misses you.
The adder bites you.
* * * LOW HITPOINT WARNING * * *
You closely miss the adder. The bat hits you.
* * * LOW HITPOINT WARNING * * *
The adder barely misses you.
You hit the adder.
The adder is lightly wounded.
The bat closely misses you. The adder bites you.
You die...

#.##..P....#P.P.P.
##....P....#.P...P
#........._.P....
##.P.......#.....P
#.##..PP.PP#....P.
##.#...P)..#..P... #####
#..###...P#P...## #...#
###.....#########..
#...#######b@S...............
#...............##>..........
#....>.##.###.####.........##
######....# #.# #.........#
#######)..### #.# #.........#
###.......#.# #.# ##.......##
....#######.## #.#
#.........# ##### #..# #.#
#..)......# # #..## #.#
#.........#


You could see an adder and a bat.

Vanquished Creatures
  An adder (D:2)
  3 ball pythons (D:1)
  5 bats
  4 endoplasms
  2 giant cockroaches (D:1)
  4 goblins
  4 hobgoblins
  4 jackals (D:2)
  4 kobolds
  3 quokkas (D:1)
  A frilled lizard (D:2)
  7 rats
42 creatures vanquished.

Notes
Turn   | Place    | Note
-------+----------+-------------------------------------------
     0 | D:1      | Johnny the Deep Elf Earth Elementalist began the quest for
                  | the Orb.
     0 | D:1      | Reached XP level 1. HP: 10/10 MP: 6/6
   387 | D:1      | Reached XP level 2. HP: 4/16 MP: 1/8
   663 | D:1      | Reached skill level 1 in Fighting
   920 | D:1      | Found a faded altar of an unknown god.
  1044 | D:1      | Reached XP level 3. HP: 20/20 MP: 5/10
  1539 | D:1      | Slain by an adder

Illustrated notes

Levels and vault maps discovered:
D:1:      psy_arrival_fountain, layout_rooms, shapermc_ecumenical_altar_gd,
          hangedman_decor_riveting
D:2:      layout_rooms

Skill      XL: |  1  2 |
---------------+-------+-----
Fighting       | 1 |  1.9
Dodging        | |  2.4
Stealth        | |  2.4
Spellcasting   | |  3.8
Transmutations | |  1.1
Earth Magic    | |  3.7

Action                   || total
-------------------------++-------
Melee: Dagger            ||    35
 Cast: Sandblast         ||    49
  Use: Potion            ||     4
 Stab: Distracted        ||     1
Armor: Robe              ||    27
Dodge: Dodged            ||    68

Table legend: (Time is in decaauts)
 A = Elapsed time spent in this place.
 B = Non-inter-level travel time spent in this place.
 C = Inter-level travel time spent in this place.
 D = Time resting spent in this place.
 E = Time spent auto-exploring this place.
 F = Levels seen in this place.
 G = Mean time per level.
                   A        B        C        D        E       F      G
               +--------+--------+--------+--------+--------+-----+--------+
         Total |   1539 |   1493 |     46 |    436 |    836 |   2 |  769.5 |
       Dungeon |   1539 |   1493 |     46 |    436 |    836 |   2 |  769.5 |
               +--------+--------+--------+--------+--------+-----+--------+

Top non-repeatable levels by time:
     D:1: 1407 daAuts
     D:2: 132 daAuts
